 Dungeon Crawl Stone Soup version 0.32-a0-900-g30fb1b0edc (webtiles) character file.

Game seed: 12960367720404923070

203 Doorstop00 the Covered (level 5, -11/33 HPs)
             Began as a Gargoyle Fighter on Apr 5, 2024.
             Killed by divine providence
             ... invoked by an orc priest
              (13 damage)
             ... on level 4 of the Dungeon.
             The game lasted 00:13:09 (2984 turns).

Doorstop00 the Covered (Gargoyle Fighter)           Turns: 2984, Time: 00:13:10

Health: -11/33     AC: 16    Str: 21    XL:     5   Next: 81%
Magic:  5/5        EV:  7    Int:  9    God:
Gold:   232        SH:  4    Dex:  9    Spells: 4/4 levels left

rFire   . . .        f - +2 whip (freeze)
rCold   . . .        c - +0 buckler
rNeg    + . .        k - +0 chain mail
rPois   ∞            (no helmet)
rElec   +            q - +2 cloak
rCorr   .            (no gloves)
SInv    .            (no boots)
Will    .....        (no amulet) Stlth
                     (no ring)
HPRegen 0.25/turn    (no ring)
MPRegen 0.09/turn

%: no passive effects
@: no status effects
A: sickness immunity, AC +4, negative energy resistance 1, electricity
resistance, torment resistance 1, petrification resistance
a: Convert to Beogh


You were on level 4 of the Dungeon.
You visited 1 branch of the dungeon, and saw 4 of its levels.

You collected 265 gold pieces.
You spent 33 gold pieces at shops.

Inventory:

Hand Weapons
 f - a +2 whip of freezing (weapon)
Armour
 c - a +0 buckler (worn)
 k - a +0 chain mail (worn)
 q - a +2 cloak (worn)
Wands
 a - a wand of roots (3)
 s - a wand of flame (17)
Scrolls
 h - 4 scrolls of brand weapon {unknown}
 j - a scroll of enchant armour {unknown}
 l - a scroll of vulnerability {unknown}
 m - 2 scrolls of enchant weapon {unknown}
 p - a scroll of torment {unknown}
Potions
 b - 2 potions of berserk rage {unknown}
 d - a potion of might
 e - a potion of heal wounds
 g - 2 potions of haste
 i - 3 potions of curing
 n - a potion of lignification {unknown}
 o - a potion of resistance {unknown}
 r - a potion of mutation {unknown}


   Skills:
 * Level 4.2 Fighting
 * Level 4.1 Maces & Flails
 * Level 4.2 Armour
 + Level 0.4 Dodging
 * Level 3.9 Shields
 * Level 0.2 Evocations


You had 4 spell levels left.
You didn't know any spells.
Your spell library contained the following spells:

 Spells                   Type           Power      Damage    Failure   Level
 Foxfire                  Conj/Fire      0%         2x1d4     98%         1
 Sandblast                Erth           0%         2d4       98%         1
 Sting                    Conj/Alch      0%         1d3       98%         1
 Mercury Vapours          Alch/Air       0%         N/A       99%         2
 Stone Arrow              Conj/Erth      0%         3d7       100%        3
 Brom's Barrelling Bould  Conj/Erth      0%         2d3       100%        4
 Olgreb's Toxic Radiance  Alch           0%         N/A       100%        4
 Plasma Beam              Fire/Air       0%         2x1d10    100%        6
 Starburst                Conj/Fire      0%         6d3       100%        6


Dungeon Overview and Level Annotations

Branches:
Dungeon (4/15)
 Temple: D:4-7

Altars:
Cheibriados
Elyvilon
Qazlal
Ru
Vehumet
Wu Jian
Yredelemnul

Shops:
D:1 !


Innate Abilities, Weirdness & Mutations

You are immune to sickness and miasma.
Your stone body is resilient. (AC +4)
You are immune to poison.
You resist negative energy. (rN+)
You are resistant to electric shocks. (rElec)
You are resistant to unholy torment.
You are immune to petrification.


Message History

The orc priest calls upon Beogh to heal the orc.
The orc is healed somewhat.
You hit the orc. You freeze the orc.
You kill the orc!
You hit the orc. You freeze the orc.
The orc is moderately wounded.
The orc priest shouts, "The Pantheon deserves no one's loyalty.
Let us show you the true path!" The orc hits you with a +0 short sword.
You hit the orc. You freeze the orc.
You kill the orc!
The orc priest threatens, "Beogh's wrath is as vast as their mercy.
Make your choice!"
The orc priest mumbles some strange prayers to Beogh against you.
Beogh smites you!
* * * LOW HITPOINT WARNING * * *
The orc priest threatens, "Beogh's wrath is as vast as their mercy.
Make your choice!"
The orc priest hits you but does no damage.
Items here: ( )))) [ ††.
You hit the orc priest. You freeze the orc priest.
The orc priest is lightly wounded.
The orc priest hits you but does no damage.
You hit the orc priest but do no damage.
The orc priest is lightly wounded.
You hit the orc priest. You freeze the orc priest.
The orc priest is severely wounded.
The orc priest shouts, "Surrender to Beogh and we'll let you live!"
The orc priest hits you but does no damage.
You hit the orc priest but do no damage.
The orc priest is severely wounded.
The orc priest mumbles some strange prayers to Beogh against you.
Pain shoots through your body!
* * * LOW HITPOINT WARNING * * *
You hit the orc priest. You freeze the orc priest.
The orc priest is almost dead.
The orc priest shouts, "Surrender to Beogh and we'll let you live!"
You block the orc priest's attack.
You hit the orc priest but do no damage.
The orc priest is almost dead.
The orc priest mumbles some strange prayers to Beogh against you.
Beogh smites you!
You die...

#####..........##.###
#. #. #..........##.#
#####.##.
#......[...##.#
........
#..........##.#
#####..##.
............##.#
###......<..
##..........# .#
...#.....S...
#....#'#.####
.#....#.###.....
#.####.#.#####.......
#..... #
#.#.....@o......
........
#.########......
........
..............
.^......$.... ...
........ ##


You could see an orc priest.

Vanquished Creatures
  A hound (D:4)
  An iguana (D:4)
  3 gnolls (D:4)
  3 adders
  3 ribbon worms
  3 dart slugs
  4 orcs (D:4)
  4 ball pythons
  9 bats
  6 endoplasms
  6 giant cockroaches
  5 hobgoblins
  5 kobolds
  2 quokkas
  2 frilled lizards (D:2)
  9 goblins
  10 rats
76 creatures vanquished.

Notes
Turn   | Place    | Note
-------+----------+-------------------------------------------
     0 | D:1      | Doorstop00 the Gargoyle Fighter began the quest for the
                  | Orb.
     0 | D:1      | Reached XP level 1. HP: 14/14 MP: 1/1
   129 | D:1      | Reached XP level 2. HP: 19/19 MP: 2/2
   542 | D:1      | Found Cinecab's Distillery.
   548 | D:1      | Bought a potion of curing for 33 gold pieces
   772 | D:1      | Reached XP level 3. HP: 22/24 MP: 3/3
   918 | D:2      | You fall into a shaft and drop 2 floors!
   995 | D:4      | Found a radiant altar of Vehumet.
  1069 | D:3      | Found a stormy altar of Qazlal.
  1284 | D:2      | Reached XP level 4. HP: 15/29 MP: 4/4
  2252 | D:3      | Found a basalt altar of Yredelemnul.
  2252 | D:3      | Found a sacrificial altar of Ru.
  2260 | D:3      | Found a white marble altar of Elyvilon.
  2262 | D:3      | Found a faded altar of an unknown god.
  2264 | D:3      | Found a snail-covered altar of Cheibriados.
  2608 | D:4      | Reached XP level 5. HP: 14/33 MP: 5/5
  2783 | D:4      | Found an ornate altar of the Wu Jian Council.
  2984 | D:4      | Killed from afar by an orc priest

Illustrated notes

Levels and vault maps discovered:
D:1:      dpeg_arrival_tiny_a, layout_basic, serial_shops, nicolae_diamond_shop
D:2:      layout_basic, minmay_nonomino_d4
D:3:      layout_basic, lemuel_doored_altar, chequers_temple_overflow_minitemple
D:4:      layout_basic, nicolae_wu_jian_immortal_techniques,
          mainiacjoe_overflow_surrounded_room

Skill      XL: |  1  2  3  4  5 |
---------------+----------------+-----
Fighting       | 4 |  4.2
Maces & Flails | 3 4 |  4.1
Armour         | 4 |  4.2
Dodging        | |  0.4
Shields        | |  3.9
Evocations     | |  0.2

Action                     |  1- 3 |  4- 6 || total
---------------------------+-------+-------++-------
  Melee: Flail             |    47 |       ||    47
         Whip              |    75 |   130 ||   205
    Use: Scroll            |     2 |     1 ||     3
 Armour: Scale mail        |    44 |       ||    44
         Chain mail        |    55 |    82 ||   137
  Dodge: Dodged            |    64 |    40 ||   104
  Block: Buckler           |    24 |    23 ||    47

Table legend: (Time is in decaauts)
 A = Elapsed time spent in this place.
 B = Non-inter-level travel time spent in this place.
 C = Inter-level travel time spent in this place.
 D = Time resting spent in this place.
 E = Time spent auto-exploring this place.
 F = Levels seen in this place.
 G = Mean time per level.
                   A        B        C        D        E       F      G
               +--------+--------+--------+--------+--------+-----+--------+
         Total |   2993 |   2986 |      7 |    259 |   1730 |   4 |  748.2 |
       Dungeon |   2993 |   2986 |      7 |    259 |   1730 |   4 |  748.2 |
               +--------+--------+--------+--------+--------+-----+--------+

Top non-repeatable levels by time:
     D:1: 932 daAuts
     D:3: 810 daAuts
     D:2: 746 daAuts
     D:4: 503 daAuts
